AoeStats
← _Orca_

MegaRandom

509773368Analyzed
3v3 RM · 3d ago on Sep 28, 2026· 34m 3s· 6 players
Game mode
Random Map
Map size
Normal (6 player)
Population
200
Speed
Normal
Resources
Standard
Victory
Conquest
Starting age
Dark Age
Ending age
Imperial Age
RankedLock teamsTeams togetherTeam positionsShared explorationLock speedFull tech treeHidden civsTurbo modeCheats
Victory
Defeat
🇨🇴 Persians · Colombia
1386
+13
🇺🇸 Varangians · United States
1367
+14
🇨🇴 Wei · Colombia
1326
+16
🇧🇩 Varangians · Bangladesh
1412
-18
🇦🇷 Mongols · Argentina
1295
-13
🇺🇸 Italians · United States
1269
-12
LMG_HERA DE TEMU
6:50 Loom
10:33 Feudal Age
11:09 Double-Bit Axe
19:15 Fletching
20:03 Padded Archer Armor
25:40 Castle Age
25:13 Gold Mining
27:00 Crossbowman
28:18 Leather Archer Armor
29:48 Town Watch
32:04 Thumb Ring
32:51 Wheelbarrow
LMG_SON SABANDIJAS
6:45 Loom
8:57 Feudal Age
9:27 Double-Bit Axe
17:09 Forging
18:25 Scale Barding Armor
22:26 Castle Age
22:09 Bloodlines
24:01 Gold Mining
24:30 Husbandry
25:58 Wheelbarrow
26:15 Iron Casting
27:57 Chain Barding Armor
LMG_Leonardo
7:01 Loom
9:30 Feudal Age
10:10 Feudal Age
10:36 Double-Bit Axe
13:59 Horse Collar
21:04 Castle Age
19:56 Bloodlines
20:46 Scale Barding Armor
20:55 Forging
22:36 Husbandry
25:41 Chain Barding Armor
BittyTingo
9:32 Feudal Age
7:48 Loom
10:32 Double-Bit Axe
13:02 Town Watch
14:54 Wheelbarrow
16:37 Fletching
26:37 Castle Age
24:58 Padded Archer Armor
_Orca_
6:12 Loom
8:53 Feudal Age
11:51 Scale Barding Armor
16:00 Bloodlines
23:10 Castle Age
21:40 Double-Bit Axe
21:36 Horse Collar
23:56 Husbandry
24:18 Chain Barding Armor
27:12 Forging
29:41 Town Watch
30:32 Wheelbarrow
GuilleGodoy95
4:16 Loom
11:10 Feudal Age
15:02 Castle Age
13:08 Double-Bit Axe
13:44 Horse Collar
20:56 Fletching
22:03 Bodkin Arrow
33:48 Wheelbarrow
Connection lost

Rejoining the realm…

Still unreachable

The connection could not be restored.

Session expired

The server has moved on; the page needs a fresh start.